 Dungeon Crawl Stone Soup version 0.32-a0-314-g526f7d4993 (webtiles) character file.

Game seed: 9900610913819491631

15102 AlmostDecent the Severer (level 11, -3/99 HPs)
             Began as a Mountain Dwarf Fighter on Feb 16, 2024.
             Was an Initiate of Gozag.
             Slain by a skeletal warrior
             ... wielding a +0 trident
              (15 damage)
             ... on level 12 of the Dungeon.
             The game lasted 00:39:15 (10580 turns).

AlmostDecent the Severer (Mountain Dwarf Fighter)  Turns: 10580, Time: 00:39:16

Health: -3/99      AC: 21    Str: 24    XL:     11   Next: 97%
Magic:  11/11      EV:  9    Int:  8    God:    Gozag
Gold:   473        SH:  7    Dex:  9    Spells: 10/10 levels left

rFire   + . .        k - +3 war axe
rCold   . . .        B - +2 buckler
rNeg    . . .        d - +2 chain mail {rF+}
rPois   +            s - +0 helmet
rElec   .            r - +0 cloak
rCorr   .            m - +1 pair of gloves of the Curupira {rPois Regen+}
SInv    .            i - +0 pair of boots
Will    +....        y - amulet of the acrobat Stlth
                     (no ring)
HPRegen 1.16/turn    (no ring)
MPRegen 0.12/turn

%: acrobat
@: about to teleport, studying Armour
A: runic magic, artefact enchanting
a: Renounce Religion, Potion Petition, Call Merchant, Bribe Branch


You were on level 12 of the Dungeon.
You worshipped Gozag.
Gozag was aware of your devotion.
You visited 2 branches of the dungeon, and saw 13 of its levels.

You collected 2035 gold pieces.
You paid 1562 gold pieces to Gozag.

Inventory:

Hand Weapons
 a - a +0 war axe
 c - the +6 shillelagh "Devastator" {shatter}
   (You found it on level 11 of the Dungeon)
 f - a +0 demon whip of venom
 k - a +3 war axe (weapon)
Missiles
 h - 2 throwing nets (quivered)
Armour
 d - a +2 chain mail of fire resistance (worn)
 i - a +0 pair of boots (worn)
 m - the +1 pair of gloves of the Curupira (worn) {rPois Regen+}
   (You found it on level 2 of the Dungeon)

   rPois:     It protects you from poison Regen+: It increases your rate of
   health regeneration.
 r - a +0 cloak (worn)
 s - a +0 helmet (worn)
 B - a +2 buckler (worn)
Jewellery
 t - a ring of ice
 u - a ring of ice
 y - an amulet of the acrobat (around neck)
 G - a ring of wizardry
Wands
 z - a wand of paralysis (4)
 E - a wand of iceblast (7)
 F - a wand of light (11)
Scrolls
 g - 2 scrolls of fear
 l - a scroll of amnesia
 n - 5 scrolls of fog
 v - a scroll of revelation
 w - 5 scrolls of immolation
 D - a scroll of torment
Potions
 b - a potion of heal wounds
 e - 5 potions of curing
 j - 5 potions of enlightenment
 o - a potion of haste {unknown}
 q - a potion of brilliance {unknown}
 x - a potion of mutation {unknown}
 A - a potion of attraction {unknown}
 C - 2 potions of ambrosia


   Skills:
 * Level 9.9 Fighting
 + Level 16.3(16.5) Axes
 + Level 3.4(11.2) Maces & Flails
 * Level 12.5 Armour
 + Level 1.8 Dodging
 + Level 1.3 Stealth
 + Level 6.5 Shields


You had 10 spell levels left.
You didn't know any spells.
Your spell library contained the following spells:

 Spells                   Type           Power      Damage    Failure   Level
 Kiss of Death            Conj/Necr      0%         2d5       56%         1
 Magic Dart               Conj           0%         1d3       56%         1
 Sandblast                Erth           0%         2d4       56%         1
 Ensorcelled Hibernation  Hex/Ice        0%         N/A       71%         2
 Searing Ray              Conj           0%         2d4       71%         2
 Confusing Touch          Hex            0%         N/A       91%         3
 Inner Flame              Hex/Fire       0%         N/A       91%         3
 Passwall                 Erth           0%         N/A       91%         3
 Stone Arrow              Conj/Erth      0%         3d7       91%         3
 Swiftness                Air            0%         N/A       91%         3
 Animate Armour           Summ/Erth      0%         N/A       100%        4
 Brom's Barrelling Bould  Conj/Erth      0%         2d3       100%        4
 Dispel Undead            Necr           0%         3d6       100%        4
 Flame Wave               Conj/Fire      0%         2d4       100%        4
 Fulminant Prism          Conj/Alch      0%         3d5       100%        4
 Sticky Flame             Fire/Alch      0%         2d4       100%        4
 Summon Lightning Spire   Summ/Air       0%         N/A       100%        4
 Lee's Rapid Deconstruct  Erth           0%         3d4*      100%        5


Dungeon Overview and Level Annotations

Branches:
Dungeon (12/15)            Temple (1/1) D:6            Lair (0/5) D:8
    Orc (0/2) D:9

Altars:
Ashenzari
Cheibriados
Dithmenos
Elyvilon
Fedhas
Gozag
Hepliaklqana
Kikubaaqudgha
Makhleb
Nemelex Xobeh
Okawaru
Qazlal
Ru
Sif Muna
Trog
Uskayaw
Vehumet
Wu Jian
Xom
Yredelemnul
Zin
The Shining One

Shops:
D:2 :   D:9 (   D:10 [   D:11 *


Innate Abilities, Weirdness & Mutations

Your spellcasting is much less encumbered by armour.
You can use scrolls of enchantment on lesser artefacts.


Message History

You block the skeletal warrior's attack.
You slash the skeletal warrior!
The skeletal warrior is moderately damaged.
The skeletal warrior closely misses you.
The skeletal warrior misses you.
You hit the skeletal warrior but do no damage.
The skeletal warrior is moderately damaged.
You slash the skeletal warrior!
The skeletal warrior is heavily damaged.
You block the skeletal warrior's attack.
The skeletal warrior hits you with a +0 trident!
You hit the skeletal warrior.
The skeletal warrior is heavily damaged.
The skeletal warrior hits you from afar with a +0 trident!!
* * * LOW HITPOINT WARNING * * *
The skeletal warrior barely misses you.
You hit the skeletal warrior but do no damage.
The skeletal warrior is heavily damaged.
As you read the scroll of teleportation, it crumbles to dust.
You feel strangely unstable.
The skeletal warrior hits you from afar with a +0 trident!
* * * LOW HITPOINT WARNING * * *
The skeletal warrior hits you with a +0 trident.
* * * LOW HITPOINT WARNING * * *
You slash the skeletal warrior!
The skeletal warrior is severely damaged.
The skeletal warrior hits you from afar with a +0 trident.
* * * LOW HITPOINT WARNING * * *
You block the skeletal warrior's attack.
You closely miss the skeletal warrior.
The skeletal warrior is severely damaged.
The skeletal warrior hits you but does no damage.
You block the skeletal warrior's attack.
You hit the skeletal warrior but do no damage.
The skeletal warrior is severely damaged.
The skeletal warrior hits you from afar with a +0 trident.
* * * LOW HITPOINT WARNING * * *
The skeletal warrior hits you with a +0 trident!
You die...
Your body crumbles into a pile of gold.

########## ## .........#
..
########.###########.###.#
#........@zz.......
#############.##..# #


You could see 2 skeletal warriors.

Vanquished Creatures
  3 two-headed ogres
  Amaemon (D:11)
  An orange crystal statue (D:11)
  Pikel (D:8)
  A deep elf pyromancer (D:12)
  An ugly thing (D:12)
  4 cyclopes
  An orange demon (D:11)
  A gargoyle (D:12)
  2 unseen horrors
  A troll (D:8)
  Sigmund (D:3)
  9 yaks
  A shadow (D:11)
  Eustachio (D:4)
  5 steam dragons
  2 wraiths (D:11)
  3 vampire mosquitoes (D:10)
  2 acid dragons
  Duvessa (D:6)
  3 black bears
  A swamp drake (D:9)
  2 ice beasts
  2 orc warriors (D:9)
  4 ogres
  7 centaurs
  3 wolves (D:8)
  2 lemures (D:8)
  2 kobold brigands
  A bullfrog (D:7)
  2 gnoll sergeants (D:10)
  3 scorpions
  An elf skeleton (D:7)
  Dowan (D:6)
  15 wights
  2 bombardier beetles
  2 electric eels (D:8)
  3 howler monkeys
  12 orc priests
  6 hounds
  A human zombie (D:7)
  A jelly (D:8)
  6 iguanas
  2 human skeletons (D:7)
  2 sleepcaps
  11 orc wizards
  Robin (D:3)
  7 adders
  11 gnolls
  An ufetubus (D:6)
  2 ribbon worms (D:2)
  2 dart slugs
  45 orcs
  4 bats
  5 endoplasms
  A giant cockroach (D:2)
  18 goblins
  9 hobgoblins
  13 kobolds
  4 quokkas
  5 ball pythons
  3 frilled lizards
  An orc skeleton (D:7)
  An orc zombie (D:7)
  11 rats
283 creatures vanquished.

Vanquished Creatures (others)
  A hound (D:8)
  An ufetubus (D:6)
2 creatures vanquished.

Grand Total: 285 creatures vanquished

Notes
Turn   | Place    | Note
-------+----------+-------------------------------------------
     0 | D:1      | AlmostDecent the Mountain Dwarf Fighter began the quest for
                  | the Orb.
     0 | D:1      | Reached XP level 1. HP: 19/19 MP: 1/1
   181 | D:1      | Reached XP level 2. HP: 26/26 MP: 2/2
   482 | D:1      | Reached XP level 3. HP: 33/33 MP: 3/3
   850 | D:2      | Reached skill level 3 in Axes
   972 | D:2      | Found Pung's Book Shoppe.
   975 | D:2      | Identified the +0 pair of gloves of the Curupira {rPois
                  | Regen+}
  1031 | D:2      | Reached XP level 4. HP: 40/40 MP: 4/4
  1624 | D:3      | Noticed Robin
  1632 | D:3      | Reached skill level 4 in Axes
  1650 | D:3      | Killed Robin
  1691 | D:3      | Noticed Sigmund
  1710 | D:3      | Killed Sigmund
  1711 | D:3      | Reached skill level 6 in Axes
  1711 | D:3      | Reached XP level 5. HP: 21/46 MP: 5/5
  1711 | D:3      | Reached XP level 6. HP: 24/52 MP: 6/6
  1857 | D:3      | Found a glowing silver altar of Zin.
  2357 | D:3      | Found a sparkling altar of Nemelex Xobeh.
  2557 | D:4      | Reached skill level 7 in Axes
  2560 | D:4      | Reached XP level 7. HP: 48/60 MP: 7/7
  2699 | D:4      | Reached skill level 8 in Axes
  2703 | D:4      | Noticed Eustachio
  2730 | D:4      | Killed Eustachio
  2940 | D:4      | Reached skill level 5 in Fighting
  2940 | D:4      | Reached skill level 9 in Axes
  2940 | D:4      | Reached XP level 8. HP: 68/68 MP: 8/8
  3255 | D:5      | Entered Level 5 of the Dungeon
  3313 | D:5      | Reached skill level 5 in Armour
  3615 | D:5      | Reached skill level 10 in Axes
  3706 | D:5      | Found a snail-covered altar of Cheibriados.
  4014 | D:6      | Found a staircase to the Ecumenical Temple.
  4052 | Temple   | Entered the Ecumenical Temple
  4114 | Temple   | Became a worshipper of Gozag Ym Sagoz the Greedy
  4169 | D:6      | Reached skill level 11 in Axes
  4233 | D:6      | You fall into a shaft and drop 1 floor!
  4357 | D:7      | Reached XP level 9. HP: 74/74 MP: 9/9
  4403 | D:6      | Noticed Dowan
  4408 | D:6      | Noticed Duvessa
  4411 | D:6      | Reached skill level 12 in Axes
  4413 | D:6      | Killed Dowan
  4421 | D:6      | Killed Duvessa
  4422 | D:6      | Found a shimmering blue altar of Sif Muna.
  5058 | D:7      | Reached skill level 13 in Axes
  5870 | D:8      | Found a white marble altar of Elyvilon.
  6023 | D:8      | Found an iron altar of Okawaru.
  6033 | D:8      | Noticed a troll
  6118 | D:8      | Reached skill level 14 in Axes
  6128 | D:8      | Reached XP level 10. HP: 84/84 MP: 10/10
  6257 | D:8      | Noticed Pikel
  6277 | D:8      | Killed Pikel
  6278 | D:8      | Reached skill level 5 in Shields
  6505 | D:8      | Found a sacrificial altar of Ru.
  6580 | D:8      | Found a staircase to the Lair.
  7068 | D:9      | Found a burning altar of Makhleb.
  7226 | D:9      | Reached skill level 15 in Axes
  7443 | D:9      | Found a hazy altar of Hepliaklqana.
  7443 | D:9      | Found an ornate altar of the Wu Jian Council.
  7692 | D:9      | Found a staircase to the Orcish Mines.
  7705 | D:9      | Reached skill level 1 in Stealth
  8045 | D:10     | Entered Level 10 of the Dungeon
  8308 | D:10     | Noticed a two-headed ogre
  8320 | D:10     | Killed a two-headed ogre
  8321 | D:10     | Reached skill level 1 in Dodging
  8321 | D:10     | Reached XP level 11. HP: 62/94 MP: 11/11
  8564 | D:10     | Reached skill level 16 in Axes
  8658 | D:10     | Found Jabbual's Armour Emporium.
  9062 | D:11     | Reached skill level 10 in Armour
  9077 | D:11     | Found the +6 shillelagh "Devastator" {shatter}
  9311 | D:11     | Reached skill level 1 in Maces & Flails
  9336 | D:11     | Noticed a two-headed ogre
  9347 | D:11     | Killed a two-headed ogre
  9416 | D:11     | Noticed an orange crystal statue
  9490 | D:11     | Noticed Amaemon
  9505 | D:11     | Killed Amaemon
 10107 | D:11     | Killed an orange crystal statue
 10215 | D:12     | Noticed a deep elf pyromancer
 10229 | D:12     | Killed a deep elf pyromancer
 10306 | D:12     | Noticed a two-headed ogre
 10313 | D:12     | Killed a two-headed ogre
 10455 | D:12     | Noticed a red ugly thing
 10471 | D:12     | Killed a red ugly thing
 10556 | D:12     | Noticed a skeletal warrior
 10557 | D:12     | Noticed a skeletal warrior
 10580 | D:12     | Slain by a skeletal warrior

Illustrated notes

Levels and vault maps discovered:
D:1:      minmay_arrival_doors, layout_loops_ring
D:2:      layout_loops_ring, serial_shops, shop, minmay_nonomino_d4
D:3:      layout_loops_corners, mainiacjoe_overflow_alcove_2,
          overflow_temple_1_default, uniq_robin, uniq_sigmund
D:4:      black_bear_nest_1, layout_basic, dk_noncrumbling_2,
          grunt_ministairs_1, kennysheep_big_empty_room, uniq_eustachio
D:5:      layout_gridville, slow_altar_2
D:6:      layout_loops_ring, led_sif_book, minmay_temple_entry_offerings,
          minmay_manual_monolith, uniq_duvessa
D:7:      layout_basic, nicolae_ossuary_entry_catacombs, chequers_garden
D:8:      layout_basic, marbit_many_paths, mainiacjoe_overflow_chevrons,
          old_standard_altar, erik_lair_island, kennysheep_generic_room_16,
          uniq_pikel
D:9:      layout_loops_cross, gammafunk_temple_overflow_elements,
          mainiacjoe_overflow_surrounded_room, erik_orc_1
D:10:     layout_basic, serial_shops, nicolae_shop_back_alley_shop
D:11:     layout_stronghold, minmay_statue_bubble, uniq_amaemon
D:12:     layout_loops_ring, kennysheep_okawaru_gauntlet, uniq_maurice
Temple:   hellmonk_temple_forest_ring

Skill      XL: |  1  2  3  4  5  6  7  8  9 10 11 |
---------------+----------------------------------+-----
Axes           | 3 6 7 9 11 14 15 16 | 16.3
Armour         | 4 5 6 9 12 | 12.5
Fighting       | 4 5 6 8 9 |  9.9
Shields        | 4 5 6 |  6.5
Stealth        | 1 |  1.3
Dodging        | 1 |  1.8
Maces & Flails | 3 |  3.4

Action                     |  1- 3 |  4- 6 |  7- 9 | 10-12 || total
---------------------------+-------+-------+-------+-------++-------
  Melee: War axe           |   102 |   146 |   379 |   414 ||  1041
         Shillelagh        |       |       |       |    24 ||    24
 Invoke: Call Merchant     |       |       |       |     2 ||     2
    Use: Potion            |       |     1 |     3 |     4 ||     8
         Scroll            |       |       |    15 |     8 ||    23
   Stab: Distracted        |       |       |     1 |     1 ||     2
 Armour: Scale mail        |    18 |       |       |       ||    18
         Plate armour      |    61 |   175 |   332 |    98 ||   666
         Chain mail        |       |       |       |   277 ||   277
  Dodge: Dodged            |    32 |    43 |   113 |   175 ||   363
  Block: Buckler           |    26 |    29 |    77 |   105 ||   237

Table legend: (Time is in decaauts)
 A = Elapsed time spent in this place.
 B = Non-inter-level travel time spent in this place.
 C = Inter-level travel time spent in this place.
 D = Time resting spent in this place.
 E = Time spent auto-exploring this place.
 F = Levels seen in this place.
 G = Mean time per level.
                   A        B        C        D        E       F      G
               +--------+--------+--------+--------+--------+-----+--------+
         Total |  10557 |   9953 |    604 |      0 |   7738 |  13 |  812.1 |
       Dungeon |  10476 |   9950 |    526 |      0 |   7738 |  12 |  873.0 |
        Temple |     80 |      2 |     78 |      0 |      0 |   1 |   80.0 |
               +--------+--------+--------+--------+--------+-----+--------+

Top non-repeatable levels by time:
    D:11: 1337 daAuts
     D:8: 1274 daAuts
     D:7: 972 daAuts
     D:3: 961 daAuts
     D:9: 954 daAuts
     D:1: 854 daAuts
    D:10: 801 daAuts
     D:6: 782 daAuts
     D:2: 781 daAuts
     D:4: 747 daAuts
     D:5: 666 daAuts
    D:12: 345 daAuts
  Temple: 80 daAuts
